 Dungeon Crawl Stone Soup version 0.30.0-15-g856e2d3f33 (webtiles) character file.

Game seed: 14269714866775849175

3215 Strat the Spear-Bearer (level 9, -13/72 HPs)
             Began as a Merfolk Fire Elementalist on May 18, 2023.
             Was a Believer of Fedhas.
             Killed from afar by Erica (25 damage)
             ... with a lance of force
             ... on level 8 of the Dungeon.
             The game lasted 00:21:57 (10744 turns).

Strat the Spear-Bearer (Merfolk Fire Elementalist) Turns: 10744, Time: 00:21:58

Health: -13/72     AC:  8    Str: 10    XL:     9   Next: 97%
Magic:  9/12       EV: 14    Int: 14    God:    Fedhas [**....]
Gold:   470        SH:  0    Dex: 17    Spells: 3/12 levels left

rFire   . . .        b - +0 halberd
rCold   . . .        (shield currently unavailable)
rNeg    . . .        s - +0 steam dragon scales
rPois   .            (no helmet)
rElec   .            l - +0 cloak
rCorr   .            v - +1 pair of gloves
SInv    .            (no boots)
Will    +....        (no amulet)
Stlth   ++           x - ring of Niff {Wiz Will+}
HPRegen 0.32/turn    (no ring)
MPRegen 0.13/turn

%: wizardry (x1)
@: very slightly contaminated
A: (nimble swimmer 2), mertail
a: Renounce Religion, Wall of Briars


You were on level 8 of the Dungeon.
You worshipped Fedhas.
Fedhas was pleased with you.
You visited 1 branch of the dungeon, and saw 8 of its levels.

You collected 470 gold pieces.

Inventory:

Hand Weapons
 a - a +1 spear
 b - a +0 halberd (weapon)
Missiles
 y - a throwing net
Armour
 d - a +0 robe
 l - a +0 cloak (worn)
 s - +0 steam dragon scales (worn)
 v - a +1 pair of gloves (worn)
Jewellery
 p - a ring of poison resistance
 x - the ring of Niff (left hand) {Wiz Will+}
   (You found it on level 4 of the Dungeon)

   [ring of wizardry]

   It improves your spell success rate.
   Will:      It increases your willpower.
Wands
 g - a wand of polymorph (24)
 q - a wand of acid (8)
 t - a wand of iceblast (13)
 w - a wand of flame (22)
 z - a wand of mindburst (6)
 E - a wand of paralysis (5)
Scrolls
 f - 4 scrolls of enchant weapon
 j - 3 scrolls of teleportation
 n - 2 scrolls of enchant armour
Potions
 c - a potion of mutation {unknown}
 e - 3 potions of haste
 h - a potion of might {unknown}
 i - a potion of curing
 k - 6 potions of brilliance
 m - a potion of degeneration {unknown}
 o - a potion of invisibility {unknown}
 r - 2 potions of ambrosia {unknown}
 u - 2 potions of attraction
 C - a potion of resistance {unknown}


   Skills:
 + Level 7.6 Fighting
 + Level 12.8 Polearms
 - Level 5.0 Dodging
 - Level 2.1 Stealth
 - Level 2.0 Spellcasting
 - Level 0.7 Conjurations
 - Level 2.1 Fire Magic
 + Level 3.4 Poison Magic
 + Level 3.9 Invocations


You had 3 spell levels left.
You knew the following spells:

 Your Spells              Type           Power      Damage    Failure   Level
a - Foxfire               Conj/Fire      20%        2x1d5     5%          1
b - Scorch                Fire           14%        2d5       6%          2
c - Poisonous Vapours     Pois/Air       12%        N/A       8%          2
d - Olgreb's Toxic Radia  Pois           11%        N/A       22%         4

Your spell library contained the following spells:

 Spells                   Type           Power      Damage    Failure   Level
 Slow                     Hex            4%         N/A       10%         1
 Sublimation of Blood     Necr           1%         N/A       14%         2
 Wereblood                Tmut           1%         N/A       14%         2
 Mephitic Cloud           Conj/Pois/Air  5%         N/A       16%         3
 Inner Flame              Hex/Fire       4%         N/A       17%         3
 Volatile Blastmotes      Fire/Tloc      8%         2d10      17%         3
 Confusing Touch          Hex            1%         N/A       26%         3
 Vampiric Draining        Necr           1%         2d6       26%         3
 Flame Wave               Conj/Fire      5%         2d5       45%         4
 Fireball                 Conj/Fire      2%         3d4       78%         5
 Freezing Cloud           Conj/Ice/Air   1%         6-21      91%         5
 Plasma Beam              Fire/Air       2%         2x1d13    100%        6
 Starburst                Conj/Fire      2%         6d3       100%        6
 Malign Gateway           Summ/Tloc      0%         N/A       100%        7
 Summon Hydra             Summ           0%         N/A       100%        7
 Discord                  Hex            0%         N/A       100%        8
 Ignition                 Fire           3%         3d4       100%        8
 Summon Horrible Things   Summ           0%         N/A       100%        8


Dungeon Overview and Level Annotations

Branches:
Dungeon (8/15)             Temple (0/1) D:7
   Lair: D:8-11

Altars:
Elyvilon
Fedhas
Kikubaaqudgha
Nemelex Xobeh

Shops:
D:4 [

Annotations:
D:5 3 runed translucent doors, superbruh's ghost, novice TrFi
D:8 2 transporters, Erica


Innate Abilities, Weirdness & Mutations

((You are very nimble when in or above water. (Stealth+, EV+, Speed+++)))
Your lower body shifts to a powerful aquatic tail in water.


Message History

You don't have enough magic to cast this spell.
You hear some strange, mumbled words.
Something tries to affect you, but you resist.
Magic courses through your body.
Casting: Olgreb's Toxic Radiance (dangerous; 22% risk of failure)
Confirm with . or Enter, or press ? or * to list all spells.
You miscast Olgreb's Toxic Radiance.
You are very lightly contaminated with residual magic.
You feel rather nauseous for a moment!
You are poisoned.
* * * LOW HITPOINT WARNING * * *
You feel sick. Something hits you.
* * * LOW HITPOINT WARNING * * *
Something burns you.
* * * LOW HITPOINT WARNING * * *
You feel sick. Something barely misses you.
You feel sick. Something hits you.
* * * LOW HITPOINT WARNING * * *
Something burns you.
* * * LOW HITPOINT WARNING * * *
You feel sick.
You feel better. Something hits you.
* * * LOW HITPOINT WARNING * * *
Something burns you.
* * * LOW HITPOINT WARNING * * *
Something hits you!
* * * LOW HITPOINT WARNING * * *
Something burns you.
* * * LOW HITPOINT WARNING * * *
Something hits you.
* * * LOW HITPOINT WARNING * * *
Something burns you.
* * * LOW HITPOINT WARNING * * *
You feel better.
You hear some strange, mumbled words.
A lance of force appears from out of thin air!
The lance of force hits you!!
You die...
Fedhas appreciates your contribution to the ecosystem.

......#####.....#..#.....##
#.# ....###
#.....#..#......## #.#
....#
#.....#..###..#..####.#
....#
##.####................
....# #.#
#......).)........ ....#
#.# #..#..........##f.
....#
#.###.............##..
....#
###.#...{#......)...##..
....#
#......@.#..........##..
#####
#####....#..........##..
##################.. ###


There were no monsters in sight!

Vanquished Creatures
  Psyche (D:8)
  An unseen horror (D:7)
  Grinder (D:6)
  A steam dragon (D:7)
  4 water moccasins
  An ice beast (D:7)
  2 sky beasts
  2 black bears (D:6)
  3 ogres
  A centaur (D:7)
  A kobold brigand (D:8)
  A scorpion (D:6)
  2 howler monkeys (D:8)
  4 jellies
  2 gnoll boudas
  2 hounds
  5 orc priests
  3 iguanas
  5 orc wizards
  13 gnolls
  5 adders
  2 shadow imps (D:6)
  3 ufetubi
  2 worms
  3 dart slugs
  21 orcs
  10 ball pythons
  5 bats
  4 endoplasms
  3 giant cockroaches
  5 goblins
  7 hobgoblins
  13 jackals
  2 quokkas
  6 frilled lizards
  13 kobolds
  5 rats
164 creatures vanquished.

Vanquished Creatures (others)
  An orc wizard (D:8)
  3 orcs (D:8)
  102 foxfires
106 creatures vanquished.

Grand Total: 270 creatures vanquished

Notes
Turn   | Place    | Note
-------+----------+-------------------------------------------
     0 | D:1      | Strat the Merfolk Fire Elementalist began the quest for the
                  | Orb.
     0 | D:1      | Reached XP level 1. HP: 13/13 MP: 3/3
   178 | D:1      | Reached skill level 1 in Fighting
   178 | D:1      | Reached XP level 2. HP: 21/21 MP: 0/5
   689 | D:1      | Reached skill level 1 in Polearms
   720 | D:1      | Reached XP level 3. HP: 26/26 MP: 2/6
  1006 | D:1      | Found a faded altar of an unknown god.
  1006 | D:1      | Noticed a balrug
  1319 | D:2      | Reached skill level 2 in Polearms
  1900 | D:2      | Reached XP level 4. HP: 32/33 MP: 7/7
  1973 | D:2      | Learned a level 2 spell: Scorch
  2686 | D:3      | Reached skill level 3 in Polearms
  3085 | D:4      | Noticed an ogre
  3097 | D:4      | Killed an ogre
  3098 | D:4      | Reached skill level 4 in Polearms
  3098 | D:4      | Reached XP level 5. HP: 18/40 MP: 1/8
  3377 | D:4      | Found Reuf's Antique Armour Shop.
  3645 | D:4      | Identified the ring of Niff {Wiz Will+}
  3771 | D:4      | Learned a level 2 spell: Poisonous Vapours
  3780 | D:4      | Found a blossoming altar of Fedhas.
  3780 | D:4      | Found an ancient bone altar of Kikubaaqudgha.
  3786 | D:4      | Became a worshipper of Fedhas Madash
  3796 | D:4      | Reached skill level 5 in Dodging
  3796 | D:4      | Reached XP level 6. HP: 47/47 MP: 3/9
  3907 | D:4      | Reached skill level 5 in Polearms
  4322 | D:5      | Entered Level 5 of the Dungeon
  4327 | D:5      | Found a runed translucent gate.
  4327 | D:5      | Found a runed translucent gate.
  4328 | D:5      | Noticed superbruh's ghost (novice TrFi)
  4328 | D:5      | Found a runed translucent gate.
  4331 | D:5      | Noticed a water moccasin
  4551 | D:5      | Noticed a sky beast
  4698 | D:5      | Killed a water moccasin
  4699 | D:5      | Reached skill level 6 in Polearms
  4808 | D:5      | Reached skill level 7 in Polearms
  4808 | D:5      | Reached XP level 7. HP: 46/52 MP: 5/10
  5039 | D:5      | Reached * piety under Fedhas
  5265 | D:5      | Reached skill level 8 in Polearms
  5593 | D:5      | Reached skill level 9 in Polearms
  5931 | D:6      | Reached skill level 10 in Polearms
  5931 | D:6      | Reached XP level 8. HP: 31/58 MP: 3/11
  6231 | D:6      | Noticed Grinder
  6257 | D:6      | Killed Grinder
  6555 | D:6      | Reached skill level 5 in Fighting
  6555 | D:6      | Reached skill level 11 in Polearms
  6607 | D:6      | Found a sparkling altar of Nemelex Xobeh.
  6834 | D:6      | Identified the +0 whip "Ultimatum" {freeze, rElec Stlth+}
  7244 | D:6      | Reached XP level 9. HP: 45/69 MP: 3/12
  7458 | D:7      | Reached ** piety under Fedhas
  7630 | D:7      | Noticed a hornet
  8166 | D:7      | Reached skill level 12 in Polearms
  8166 | D:7      | Reached skill level 1 in Invocations
  8533 | D:6      | Learned a level 4 spell: Olgreb's Toxic Radiance
  9033 | D:7      | Killed an unseen horror
  9034 | D:7      | Reached skill level 1 in Poison Magic
  9483 | D:7      | Found a staircase to the Ecumenical Temple.
  9859 | D:8      | Noticed Psyche
  9924 | D:8      | Noticed Erica
  9964 | D:8      | Found a white marble altar of Elyvilon.
 10232 | D:8      | Killed Psyche
 10284 | D:8      | HP: 1/72 [Erica/bolt of poison (18)]
 10495 | D:8      | Found a transporter.
 10495 | D:8      | Noticed a red ugly thing
 10496 | D:8      | Noticed a green ugly thing
 10506 | D:8      | Noticed a cyan ugly thing
 10508 | D:8      | Noticed a brown ugly thing
 10531 | D:8      | Found a transporter.
 10743 | D:8      | HP: 3/72 [something (3)]
 10744 | D:8      | Killed from afar by Erica

Illustrated notes

Levels and vault maps discovered:
D:1:      dpeg_arrival_line_fractal, layout_basic,
          dreamdust_ecumenical_altar_sealed_demon
D:2:      layout_loops_corners, minmay_misc_feat_more_columns
D:3:      layout_basic, st_stairs_11
D:4:      layout_basic, grunt_temple_overflow_growth_and_decay, serial_shops,
          shop
D:5:      layout_basic, gammafunk_ghost_nasty_kobolds
D:6:      layout_loops_cross, nemelex_spade_bored_becter, grunt_ministairs_1,
          grunt_decor_resistance, uniq_grinder
D:7:      layout_layer_cave, temple_doors_cd, enter_ossuary_5,
          solitary_fountain, hex_medium, kb_rosetta
D:8:      gammafunk_corrupted_shrine, layout_rooms, elyvilon_altar_5,
          lemuel_flame_loot_1, uniq_erica, uniq_psyche

Skill      XL: |  1  2  3  4  5  6  7  8  9 |
---------------+----------------------------+-----
Dodging        | 3 4 5 |  5.0
Fighting       | 1 2 3 6 7 |  7.6
Polearms       | 1 2 4 7 10 11 12 | 12.8
Invocations    | 3 |  3.9
Poison Magic   | 3 |  3.4
Stealth        | |  2.1
Spellcasting   | |  2.0
Conjurations   | |  0.7
Fire Magic     | |  2.1

Action                     |  1- 3 |  4- 6 |  7- 9 || total
---------------------------+-------+-------+-------++-------
  Melee: Unarmed           |     1 |       |       ||     1
         Spear             |    50 |   157 |   235 ||   442
         Punch             |       |     3 |     6 ||     9
         Halberd           |       |       |    99 ||    99
   Cast: Foxfire           |    47 |    16 |     1 ||    64
         Scorch            |       |    30 |    95 ||   125
         Olgreb's Toxic Ra |       |       |    10 ||    10
    Use: Scroll            |       |    12 |    11 ||    23
         Potion            |       |       |    15 ||    15
   Stab: Sleeping          |     5 |     5 |     3 ||    13
 Armour: Robe              |    14 |    33 |    46 ||    93
         Steam dragon scal |       |       |    42 ||    42
  Dodge: Dodged            |    32 |   110 |   194 ||   336
